 Dungeon Crawl Stone Soup version 0.28.0-53-g5a82cb258f (webtiles) character file.

Game seed: 2890779662159312369

21 cbfl8 the Magician (level 3, -1/25 HPs)
             Began as a Djinni Fire Elementalist on July 19, 2022.
             Slain by Terence
             ... wielding a +0 flail
              (6 damage)
             ... on level 1 of the Dungeon.
             The game lasted 00:03:13 (1933 turns).

cbfl8 the Magician (Djinni Fire Elementalist)       Turns: 1933, Time: 00:03:14

Health: -1/25      AC:  3    Str:  9    XL:     3   Next: 5%
Gold:   7          EV: 12    Int: 16    God:
                   SH:  0    Dex: 13

rFire   + + .      SeeInvis .   e - +0 short sword
rCold   x . .      Faith    .   (no shield)
rNeg    . . .      Spirit   .   f - +0 leather armour
rPois   ∞          Reflect  .   (no helmet)
rElec   .          Harm     .   (no cloak)
rCorr   .          Rampage  .   (no gloves)
Will    .....                   (boots unavailable)
Stlth   ++........              (no amulet)
HPRegen 0.08/turn               (no ring)
MPRegen 0.00/turn               (no ring)

@: flying
A: sickness immunity, fire resistance 2, cold vulnerability 1, float, innate
caster, HP casting, extra vitality 1
a: no special abilities


You were on level 1 of the Dungeon.
You visited 1 branch of the dungeon, and saw 2 of its levels.

You collected 7 gold pieces.

Inventory:

Hand Weapons
 e - a +0 short sword (weapon)
Armour
 a - a +0 robe
 f - a +0 leather armour (worn)
Scrolls
 b - 3 scrolls of identify {unknown}
 c - a scroll of teleportation {unknown}
 d - a scroll of fog {unknown}
 i - a scroll of summoning {unknown}
Potions
 g - a potion of degeneration {unknown}
 h - a potion of resistance {unknown}


   Skills:
 + Level 0.2 Armour
 + Level 2.4 Dodging
 + Level 1.8 Stealth
 + Level 2.9 Spellcasting


You couldn't memorise any spells.
You knew the following spells:

 Your Spells              Type           Power      Damage    Failure   Level
a - Foxfire               Conj/Fire      44%        2x1d6     8%          1
b - Scorch                Fire           22%        2d6       12%         2
c - Conjure Flame         Conj/Fire      11%        6-21      24%         3
d - Inner Flame           Hex/Fire       11%        N/A       24%         3
e - Flame Wave            Conj/Fire      11%        2d5       61%         4
f - Magic Dart            Conj           44%        1d5       8%          1
Your spell library was empty.

Dungeon Overview and Level Annotations

Branches:
Dungeon (2/15)

Altars:

Annotations:
D:1 Terence


Innate Abilities, Weirdness & Mutations

You are immune to sickness and miasma.
You are immune to poison.
Your flesh is very heat resistant. (rF++)
You are vulnerable to cold. (rC-)
You float through the air rather than walking.
You learn spells naturally, not from books.
Your magical power is your life essence.
You have superior vitality. (+4 MHP)


Message History

Press: ? - help, Q - select action, (/) - cycle Shift-Dir - straight line, f/p - Terence
Aim: Terence, wielding a +0 flail and wearing a +0 scale mail (100% to hit)
The magic dart hits Terence but does no damage.
Unknown command.
Aiming: Magic Dart (safe; 8% risk of failure)
Press: ? - help, Q - select action, (/) - cycle Shift-Dir - straight line, f/p - Terence
Aim: Terence, wielding a +0 flail and wearing a +0 scale mail (100% to hit)
The magic dart hits Terence but does no damage.
Terence hits you with a +0 flail.
Unknown command.
Unknown command.
Unknown command.
Unknown command.
Unknown command.
Terence misses you.
You fly upwards.
There is a stone staircase leading down here.
Aiming: Magic Dart (safe; 8% risk of failure)
Press: ? - help, Q - select action, (/) - cycle Shift-Dir - straight line, f - Terence
Aim: Terence, wielding a +0 flail and wearing a +0 scale mail (100% to hit)
The magic dart hits Terence.
Terence is moderately wounded.
Terence hits you with a +0 flail.
Okay, then.
Casting: Scorch (safe; 12% risk of failure)
Press: ? - help, Q - select action, (/) - cycle Dir - look around, f - activate Flames lash Terence.
Terence is heavily wounded.
Terence's fire resistance burns away.
* * * LOW HITPOINT WARNING * * *
Terence shouts, "Get ready for death!"
Terence hits you but does no damage.
Your magical contamination has completely faded away.
Casting: Scorch (safe; 12% risk of failure)
Press: ? - help, Q - select action, (/) - cycle Dir - look around, f - activate Flames lash Terence.
Terence is burned terribly!
Terence is severely wounded.
* * * LOW HITPOINT WARNING * * *
Terence hits you with a +0 flail.
You die...

..........#.......#####.#######
...########...................#
...# ###......############.##
...# #..........# ##..## ...#
#..........# ##..... ...#
#..........# #...... ...#
#..........# ######.+++++ ...#
#......@...# #......+.... ...#
#.......@..# #.####.+.... ...#
#..........# #.# #.+..<. .###
############ #.# #.+.... .# #.#
#.+++'+ .## #.# #...... ..##
#.# #.###.. #..# #.# #.# ###
#..# #.# #.# # ...# #.# ##.# #


You could see Terence (combustible).

Vanquished Creatures
  A dart slug (D:1)
  A ball python (D:1)
  An endoplasm (D:1)
  3 goblins (D:1)
  4 hobgoblins (D:1)
  A quokka (D:1)
  2 frilled lizards (D:1)
  2 kobolds (D:1)
  4 rats (D:1)
19 creatures vanquished.

Vanquished Creatures (others)
  50 foxfires (D:1)
50 creatures vanquished.

Grand Total: 69 creatures vanquished

Notes
Turn   | Place    | Note
-------+----------+-------------------------------------------
     0 | D:1      | cbfl8 the Djinni Fire Elementalist began the quest for the
                  | Orb.
     0 | D:1      | Reached XP level 1. HP: 15/15 MP: 0/0
   608 | D:1      | Reached XP level 2. HP: 15/21 MP: 0/0
  1122 | D:1      | HP: 1/21 [hobgoblin (2)]
  1610 | D:1      | Found a faded altar of an unknown god.
  1617 | D:1      | Reached XP level 3. HP: 22/25 MP: 0/0
  1617 | D:1      | Learned a level 1 spell: Magic Dart
  1923 | D:2      | Noticed Terence
  1933 | D:1      | Slain by Terence

Illustrated notes

Levels and vault maps discovered:
D:1:      lightli_arrival_maybe_door_vault, layout_basic,
          hellmonk_ecumenical_altar_crossroads
D:2:      wad_lake_hut, layout_basic, serial_shops, nicolae_shop_stone,
          uniq_jessica, uniq_terence

Action                   || total
-------------------------++-------
Melee: Unarmed           ||     4
       Short sword       ||     7
 Cast: Foxfire           ||    28
       Magic Dart        ||     7
       Scorch            ||     2
Armor: Leather armour    ||     1
Dodge: Dodged            ||    10
